 Dungeon Crawl Stone Soup version 0.24-a0-165-g1b465fe (webtiles) character file.

Game seed: 8682968619644099949

4715 Dfrag the Cleaver (level 10, -1/96 HPs)
             Began as a Deep Dwarf Necromancer on Mar 6, 2019.
             Was a Priest of Makhleb.
             Slain by an orc warrior
             ... wielding a +0 halberd of protection
              (19 damage)
             ... on level 9 of the Dungeon.
             The game lasted 00:17:15 (8172 turns).

Dfrag the Cleaver (Deep Dwarf Necromancer)          Turns: 8172, Time: 00:17:16

Health: -1/96      AC:  9    Str: 12    XL:     10   Next: 22%
Magic:  1/18       EV: 13    Int: 19    God:    Makhleb [***...]
Gold:   399        SH:  0    Dex: 15    Spells: 17/21 levels left

rFire    + . .     SeeInvis +   j - +2 dagger (venom)
rCold    + . .     Gourm    .   (no shield)
rNeg     . . .     Faith    .   P - +2 robe {rC+ rF+}
rPois    .         Spirit   .   K - +0 helmet
rElec    .         Reflect  .   a - +0 cloak
rCorr    .         Harm     .   (no gloves)
MR       +....                  M - +2 pair of boots {run}
Stlth    ++........             (no amulet)
HPRegen  0.00/turn              t - +2 ring of dexterity
MPRegen  0.16/turn              b - ring of see invisible

@: non-regenerating, quick
A: damage resistance, heal wounds, sense surroundings 2, no regeneration
a: Heal Wounds, Minor Destruction, Lesser Servant of Makhleb, Renounce Religion


You were on level 9 of the Dungeon.
You worshipped Makhleb.
Makhleb was most pleased with you.
You were not hungry.

You visited 2 branches of the dungeon, and saw 10 of its levels.
You also visited: Ossuary.

You collected 399 gold pieces.

Inventory:

Hand Weapons
 j - a +2 dagger of venom (weapon)
 r - a +3 hand axe
 w - a +1 flail of holy wrath
 L - a +0 hand axe of electrocution
Armour
 a - a +0 cloak (worn)
 v - a +0 cloak
 y - a +0 plate armour
 K - a +0 helmet (worn)
 M - a +2 pair of boots of running (worn)
 P - a +2 robe of resistance (worn)
Jewellery
 b - a ring of see invisible (right hand)
 t - a +2 ring of dexterity (left hand)
 u - an uncursed ring of poison resistance
 J - an uncursed ring of protection from fire
Wands
 k - a wand of disintegration (29)
 H - a wand of paralysis (10)
 T - a wand of acid (2)
Scrolls
 d - 2 scrolls of enchant weapon {unknown}
 f - 6 scrolls of remove curse
 g - 3 scrolls of enchant armour {unknown}
 i - 4 scrolls of noise {unknown}
 m - 5 scrolls of magic mapping
 n - 7 scrolls of teleportation
 q - a scroll of blinking {unknown}
 s - 7 scrolls of random uselessness
 D - 3 scrolls of immolation {unknown}
 G - 3 scrolls of amnesia {unknown}
 I - a scroll of identify
 O - a scroll of holy word {unknown}
 Q - a scroll of fog {unknown}
 S - a scroll of fear {unknown}
Potions
 e - a potion of haste
 h - 5 potions of heal wounds
 l - 4 potions of flight
 o - a potion of resistance
 p - 2 potions of mutation
 x - 9 potions of degeneration
 z - 2 potions of brilliance
 A - 2 potions of lignification
 B - 5 potions of curing
 C - 2 potions of magic
 E - a potion of cancellation
 F - 2 potions of might
 N - 2 potions of ambrosia
Comestibles
 c - 20 rations
 R - 6 chunks of flesh


   Skills:
 + Level 7.7 Fighting
 + Level 9.2 Axes
 - Level 2.1 Dodging
 - Level 2.4 Stealth
 - Level 6.4 Spellcasting
 - Level 7.2 Necromancy


You had 17 spell levels left.
You knew the following spells:

 Your Spells              Type           Power        Failure   Level  Hunger
a - Pain                  Necr           ####         1%          1    None
b - Vampiric Draining     Necr           ####......   1%          3    ##.....

Your spell library contained the following spells:

 Spells                   Type           Power        Failure   Level  Hunger
 Animate Skeleton         Necr           N/A          1%          1    None
 Animate Dead             Necr           N/A          5%          4    ####...
 Regeneration             Chrm/Necr      Unusable     N/A         3    N/A

Dungeon Overview and Level Annotations

Branches:
Dungeon (9/15)             Temple (1/1) D:6
   Lair: D:8-11         Orc: D:9-12

Altars:
Ashenzari
Cheibriados
Dithmenos
Elyvilon
Fedhas
Gozag
Hepliaklqana
Kikubaaqudgha
Makhleb
Nemelex Xobeh
Okawaru
Qazlal
Ru
Sif Muna
Trog
Uskayaw
Vehumet
Wu Jian
Xom
Yredelemnul
Zin
The Shining One

Shops:
D:9 [[

Annotations:
D:6 Grinder


Innate Abilities, Weirdness & Mutations

You are resistant to damage.
You can heal yourself by infusing magical energy.
You passively map the area around you.
You do not regenerate.


Message History

The orc wizard gestures wildly while chanting.
The orc wizard blinks!
The orc warrior hits you with a +0 halberd of protection!
* * * LOW HITPOINT WARNING * * *
Unknown command.
Casting: Vampiric Draining (safe; 1% risk of failure)
Confirm with . or Enter, or press ? or * to list all spells.
Aiming: Vampiric Draining (safe; 1% risk of failure)
Press: ? - help, Shift-Dir - straight line, f/p - orc warrior
Aim: an orc warrior, wielding a +0 halberd of protection and wearing a +0 chain mail (lightly wounded)
The orc warrior is heavily wounded.
You feel life coursing into your body.
The orc warrior hits you with a +0 halberd of protection!!
* * * LOW HITPOINT WARNING * * *
Unknown command.
You see here a scroll of remove curse.
You feel much better.
You are no longer poisoned.
The orc warrior hits you from afar with a +0 halberd of protection!!
You die...

#####.#####..'.........#
..# ####.........# * .##
########'## * ##..# * *
#.∩.# * * ######'#######
#+##### #............# *
#.....######..........).#
8 **
#...oooo)@.#............#
,
#.....####.'............+
,o.o......#
###....).......#
.....##### ##############
, , .o.. * , , o.. * #8
*** #


You could see an orc warrior, an orc wizard and 2 orcs.

Vanquished Creatures
  A hippogriff (D:5)
  A wraith (D:7)
  2 hungry ghosts
  Edmund (D:4)
  10 orc warriors
  A phantom (D:7)
  A sky beast (D:7)
  6 ogres
  A centaur (D:8)
  A crocodile (D:7)
  4 bullfrogs
  A water moccasin zombie (D:4)
  3 scorpions
  4 wights (D:8)
  A howler monkey (D:5)
  4 crimson imps
  A centaur zombie (Ossuary)
  A human zombie (Ossuary)
  5 orc priests
  4 hounds
  2 jellies
  Crazy Yiuf (D:3)
  A bullfrog skeleton (D:9)
  3 centaur skeletons
  12 orc wizards
  5 iguanas
  A worker ant (D:4)
  4 mummies (Ossuary)
  9 adders
  3 gnolls (D:6)
  3 shadow imps
  An ooze (D:3)
  2 adder zombies
  3 adder skeletons
  2 worms
  A dart slug (D:5)
  3 leopard geckos
  60 orcs
  6 giant cockroaches
  A gnoll zombie (Ossuary)
  6 goblins
  8 hobgoblins
  16 jackals
  4 quokkas
  5 bats
  2 frilled lizards
  2 hobgoblin zombies (Ossuary)
  A jackal skeleton (D:7)
  10 kobolds
  A quokka zombie (D:8)
  6 rats
237 creatures vanquished.

Notes
Turn   | Place    | Note
-------+----------+-------------------------------------------
     0 | D:1      | Dfrag the Deep Dwarf Necromancer began the quest for the
                  | Orb.
     0 | D:1      | Reached XP level 1. HP: 15/15 MP: 3/3
   147 | D:1      | Reached XP level 2. HP: 8/22 MP: 0/5
   768 | D:2      | Reached XP level 3. HP: 3/28 MP: 1/7
   787 | D:1      | Learned a level 3 spell: Vampiric Draining
  1226 | D:2      | Reached skill level 5 in Necromancy
  1664 | D:3      | Reached XP level 4. HP: 16/36 MP: 1/8
  2383 | D:3      | Found a runed translucent door.
  2384 | D:3      | Noticed Crazy Yiuf
  2395 | D:3      | Killed Crazy Yiuf
  2550 | D:4      | Noticed Edmund
  2576 | D:4      | Killed Edmund
  2576 | D:4      | Reached XP level 5. HP: 21/42 MP: 2/11
  2671 | D:4      | Reached XP level 6. HP: 24/49 MP: 6/12
  2999 | D:4      | Reached skill level 5 in Spellcasting
  3188 | D:4      | Reached XP level 7. HP: 15/55 MP: 2/15
  3254 | D:4      | Noticed a hungry ghost
  3289 | D:4      | Killed a hungry ghost
  3696 | D:5      | Entered Level 5 of the Dungeon
  3783 | D:5      | Reached skill level 1 in Axes
  3783 | D:5      | Reached XP level 8. HP: 36/63 MP: 7/17
  3789 | D:5      | Found a sand-covered staircase.
  3808 | Ossuary  | Entered an ossuary
  3844 | Ossuary  | Reached skill level 1 in Fighting
  3994 | Ossuary  | Reached skill level 2 in Axes
  4285 | D:5      | Reached skill level 3 in Axes
  4551 | D:5      | Noticed a hippogriff
  4560 | D:5      | Killed a hippogriff
  4560 | D:5      | Reached skill level 4 in Axes
  4998 | D:6      | Noticed Grinder
  5080 | D:6      | Reached skill level 5 in Axes
  5210 | D:6      | Found an opulent altar of Gozag.
  5250 | D:6      | Found a staircase to the Ecumenical Temple.
  5278 | Temple   | Entered the Ecumenical Temple
  5385 | Temple   | Became a worshipper of Makhleb the Destroyer
  5926 | D:7      | Gained mutation: You passively map the area around you.
                  | [Deep Dwarf growth]
  5926 | D:7      | Reached XP level 9. HP: 50/79 MP: 13/18
  6218 | D:7      | Reached skill level 5 in Fighting
  6218 | D:7      | Reached skill level 6 in Axes
  6293 | D:7      | Reached * piety under Makhleb
  6500 | D:7      | Identified a +2 pair of boots of running (You found it on
                  | level 7 of the Dungeon)
  6529 | D:7      | Reached skill level 7 in Axes
  7113 | D:8      | Reached ** piety under Makhleb
  7281 | D:8      | Reached skill level 8 in Axes
  7591 | D:9      | Found Kitytu's Antique Armour Boutique.
  7826 | D:9      | Reached XP level 10. HP: 46/94 MP: 3/19
  7962 | D:9      | Reached *** piety under Makhleb
  7998 | D:9      | Found Howk's Armour Boutique.
  8084 | D:9      | Reached skill level 9 in Axes
  8170 | D:9      | HP: 1/96 [orc warrior/+0 halberd of protection (25)]
  8172 | D:9      | Slain by an orc warrior

Levels and vault maps discovered:
D:1:      onia_arrival_mini_spirals, layout_basic
D:2:      layout_loops_ring
D:3:      layout_loops_corners, uniq_crazy_yiuf_cottage
D:4:      cheibrodos_quashed, layout_basic, first_ration, uniq_edmund
D:5:      layout_basic, enter_ossuary_3
D:6:      layout_rooms, grunt_gozag_breadcrumbs,
          minmay_temple_entry_stoned_glass, serial_rivers,
          chequers_serial_rivers_large_a, chequers_serial_rivers_large_b,
          chequers_serial_rivers_small_3, chequers_serial_rivers_marsh,
          chequers_serial_rivers_micro_a, chequers_serial_rivers_micro_e,
          uniq_grinder
D:7:      wander_river, layout_basic
D:8:      layout_loops_ring
D:9:      layout_roguey [special_room_orc], david_orc_4, serial_shops,
          nicolae_shop_overgrown_old_shop, shop, shop
Temple:   kilobyte_greek_temple
Ossuary:  ossuary_crypta

Skill      XL: |  1  2  3  4  5  6  7  8  9 10 |
---------------+-------------------------------+-----
Spellcasting   | 2 3 4 5 6 |  6.4
Necromancy     | 5 6 7 |  7.2
Axes           | 1 5 8 9 |  9.2
Fighting       | 4 7 |  7.7
Dodging        | |  2.1
Stealth        | |  2.4

Action                   |  1- 3 |  4- 6 |  7- 9 | 10-12 || total
-------------------------+-------+-------+-------+-------++-------
Melee: Unarmed           |     7 |       |       |       ||     7
       Dagger            |    20 |    37 |    64 |    57 ||   178
       Flail             |       |       |   184 |     8 ||   192
       Hand axe          |       |       |    77 |       ||    77
 Cast: Pain              |    47 |    18 |    82 |     3 ||   150
       Vampiric Draining |    11 |    24 |    98 |    18 ||   151
 Abil: Heal Wounds       |       |       |       |     1 ||     1
Evoke: Wand              |       |       |       |     4 ||     4
  Use: Scroll            |       |       |    17 |       ||    17
       Potion            |       |       |       |     1 ||     1
 Stab: Sleeping          |       |     3 |     2 |     1 ||     6
  Eat: Chunk             |     4 |     7 |    20 |     6 ||    37
Armor: Robe              |    14 |     7 |    70 |    21 ||   112
       Plate armour      |       |       |    45 |       ||    45
       Skin              |       |       |     3 |       ||     3
Dodge: Dodged            |    51 |    19 |   279 |    50 ||   399

Table legend:
 A = Non-vault XP
 B = Vault XP
 C = Vault XP percentage of total XP
 D = Non-vault monster count
 E = Vault monster count
 F = Vault count percentage of total count
                 A         B        C        D         E       F
            +---------+---------+-------+---------+---------+-------
      Total |    4930 |    1806 |  26.8 |     190 |      47 |  19.8
            +---------+---------+-------+---------+---------+-------
        D:1 |      37 |       0 |   0.0 |      23 |       0 |   0.0
        D:2 |      55 |       0 |   0.0 |      20 |       0 |   0.0
        D:3 |      57 |      40 |  41.2 |      12 |       1 |   7.7
        D:4 |     845 |     173 |  17.0 |      24 |       1 |   4.0
        D:5 |    1084 |       0 |   0.0 |      28 |       0 |   0.0
        D:6 |     335 |       0 |   0.0 |      15 |       0 |   0.0
        D:7 |    1152 |       0 |   0.0 |      31 |       0 |   0.0
        D:8 |     877 |       0 |   0.0 |      26 |       0 |   0.0
        D:9 |     488 |    1428 |  74.5 |      11 |      36 |  76.6
    Ossuary |       0 |     165 | 100.0 |       0 |       9 | 100.0
            +---------+---------+-------+---------+---------+-------
